 Dungeon Sprint DCSS version 0.19-a0-607-g42021f0 (webtiles) character file.

249 georgeearnest the Chopper (level 5, -3/46 HPs)
             Began as a Demonspawn Gladiator on June 12, 2016.
             Slain by a slime creature (9 damage)
             ... in the Dungeon (Sprint I: "Red Sonja").
             The game lasted 00:00:41 (540 turns).

georgeearnest the Chopper (Demonspawn Gladiator)     Turns: 540, Time: 00:00:42

Health: -3/46      AC:  6    Str: 16    XL:     5   Next: 86%
Magic:  5/5        EV: 15    Int: 10    God:
Gold:   162        SH:  0    Dex: 13    Spells: 0 memorised, 4 levels left

rFire  . . .     SeeInvis .     a - +0 war axe
rCold  . . .     Gourm    .     b - +0 leather armour
rNeg   . . .     Faith    .     (no shield)
rPois  .         Spirit   .     c - +0 helmet
rElec  .         Dismiss  .     (no cloak)
rCorr  .         Reflect  .     (no gloves)
SustAt .         Harm     .     (no boots)
MR     .....     NoTele   +     (no amulet)
Stlth  +.........               (no ring)
                                (no ring)

@: not resistant to hostile enchantments, very unstealthy
A: rugged brown scales 2
a: no special abilities


You were in the Dungeon.
You were not hungry.

You visited 1 branch You collected 162 gold pieces.

Inventory:

Hand Weapons
 a - a +0 war axe (weapon)
Missiles
 d - 2 throwing nets (quivered)
Armour
 b - a +0 leather armour (worn)
 c - a +0 helmet (worn)
Scrolls
 k - a scroll of blinking
Potions
 e - a potion of curing
 g - a potion of heal wounds
 h - a potion of haste
 i - 2 potions of magic
 j - a potion of berserk rage
 l - a potion of lignification {unknown}
Comestibles
 f - a bread ration


   Skills:
 + Level 5.1 Fighting
 + Level 7.2 Axes
 + Level 4.0 Throwing
 + Level 2.1 Armour
 + Level 7.0 Dodging


You had 4 spell levels left.
You didn't know any spells.

Dungeon Overview and Level Annotations

Branches:
Dungeon (1/1)

Altars:
Cheibriados
Dithmenos
Fedhas
Jiyva


Innate Abilities, Weirdness & Mutations

You are mostly covered in rugged brown scales. (AC +2, +5% HP)


Message History

* * * LOW HITPOINT WARNING * * *
You barely miss the slime creature.
The slime creature is heavily wounded.
The slime creature closely misses you.
You slash the slime creature!
The slime creature is severely wounded.
The slime creature jiggles.
The slime creature hits you.
* * * LOW HITPOINT WARNING * * *
You barely miss the slime creature.
The slime creature is severely wounded.
The slime creature barely misses you.
You slash the slime creature!
The slime creature is almost dead.
The slime creature hits you.
* * * LOW HITPOINT WARNING * * *
You slash the slime creature!
The slime creature is almost dead.
The slime creature hits you!
You die...

###################
#<.#..').#..'..#__#
#..').#..').#.@J..+
#..#####'#####+#__#
#..# #..# ### #..#
#### #..# #⌠⌠# ####


You could see a slime creature.

Vanquished Creatures
  Sigmund (D)
  An ogre (D)
  Ijyb (D)
3 creatures vanquished.

Notes
Turn   | Place    | Note
--------------------------------------------------------------
     0 | D        | georgeearnest the Demonspawn Gladiator began the quest for the Orb.
     0 | D        | Reached XP level 1. HP: 16/16 MP: 1/1
     2 | D        | Noticed Ijyb
    18 | D        | Killed Ijyb
    18 | D        | Gained mutation: You are partially covered in rugged brown scales. (AC +1, +3% HP) [demonic ancestry]
    18 | D        | Reached XP level 2. HP: 7/23 MP: 2/2
   240 | D        | Noticed an ogre
   253 | D        | Killed an ogre
   253 | D        | Reached skill level 5 in Axes
   253 | D        | Reached skill level 5 in Dodging
   253 | D        | Reached XP level 3. HP: 9/30 MP: 3/3
   253 | D        | Gained mutation: You are mostly covered in rugged brown scales. (AC +2, +5% HP) [demonic ancestry]
   253 | D        | Reached XP level 4. HP: 9/38 MP: 4/4
   493 | D        | Noticed Sigmund
   499 | D        | Killed Sigmund
   499 | D        | Reached skill level 5 in Fighting
   499 | D        | Reached XP level 5. HP: 46/46 MP: 5/5
   528 | D        | Found a snail-covered altar of Cheibriados.
   528 | D        | Found a viscous altar of Jiyva.
   528 | D        | Found a shadowy altar of Dithmenos.
   528 | D        | Found a blossoming altar of Fedhas.
   528 | D        | Noticed a slime creature
   540 | D        | Slain by a slime creature

Vault maps used:
D:        dungeon_sprint_1

Skill      XL: |  1  2  3  4 |
---------------+-------------+-----
Axes           | 4 5 7 |  7.2
Throwing       | 2 3 4 |  4.0
Dodging        | 4 5 7 |  7.0
Fighting       | 4 5 |  5.1
Armour         | 2 |  2.1

Action                   |  1- 3 |  4- 6 || total
-------------------------+-------+-------++-------
Melee: War axe           |    27 |    14 ||    41
Throw: Throwing net      |       |     1 ||     1
Armor: Leather armour    |     5 |       ||     5
Dodge: Dodged            |    19 |     5 ||    24
